 Dungeon Crawl Stone Soup version 0.26-a0-854-gdc81c2f471 (webtiles) character file.

Game seed: 1485558022520249241

14548 robertstho the Frost Mage (level 12, -1/91 HPs)
             Began as a Gnoll Ice Elementalist on Nov 23, 2020.
             Was a Priest of Sif Muna.
             Slain by a swamp worm (20 damage)
             ... on level 2 of the Lair of Beasts.
             The game lasted 00:28:29 (16326 turns).

robertstho the Frost Mage (Gnoll Ice Elementalist) Turns: 16326, Time: 00:28:30

Health: -1/91      AC: 16    Str: 11    XL:     12   Next: 17%
Magic:  13/24      EV: 18    Int: 24    God:    Sif Muna [***...]
Gold:   477        SH:  0    Dex: 16    Spells: 13/28 levels left

rFire    . . .     SeeInvis .   K - +2 great mace (drain)
rCold    . . .     Faith    .   (shield currently unavailable)
rNeg     . . .     Spirit   .   L - +0 steam dragon scales
rPois    +         Reflect  .   n - +0 helmet of the Doldrums {+Inv Int+2}
rElec    .         Harm     .   m - scarf {shadows}
rCorr    +         Rampage  .   (no gloves)
MR       .....                  y - +0 pair of boots
Stlth    ++++......             (no amulet)
HPRegen  0.25/turn              T - ring of poison resistance
MPRegen  0.19/turn              a - ring of resist corrosion

@: icy armour
A: distributed training, fangs 1, strong nose
a: Channel Magic, Forget Spell, Renounce Religion, Evoke Invisibility


You were on level 2 of the Lair of Beasts.
You worshipped Sif Muna.
Sif Muna was most pleased with you.
You visited 3 branches of the dungeon, and saw 15 of its levels.
You also visited: Sewer.

You collected 795 gold pieces.
You spent 318 gold pieces at shops.

Inventory:

Hand Weapons
 x - a +2 hand axe of freezing
 A - a +1 vorpal broad axe
 D - the +2 flail "Diclasid" {vamp, +Inv Dex+4}
   (You found it on level 10 of the Dungeon)

   It inflicts no extra harm, but heals its wielder when it wounds a living foe.
   It affects your dexterity (+4).
   It lets you turn invisible.
 I - a +2 falchion of holy wrath
 K - a +2 great mace of draining (weapon)
 S - the +8 falchion of the End of Times {pain, MP+9 Str+2 Int+3}
   (You found it on level 12 of the Dungeon)

   In the hands of one skilled in necromantic magic, it inflicts extra damage on
   living creatures.
   It affects your strength (+2).
   It affects your intelligence (+3).
   It affects your magic capacity (+9).
 U - the +2 rapier of Okawaru's Envy {protect, Str+3 SInv}
   (You found it on level 1 of the Lair of Beasts)

   It grants its wielder temporary protection when it strikes (+7 to AC).
   It affects your strength (+3).
   It lets you see invisible.
Missiles
 i - 58 poisoned darts (quivered)
Armour
 m - a scarf of shadows (worn)
 n - the +0 helmet of the Doldrums (worn) {+Inv Int+2}
   (You took it off Robin on level 2 of the Dungeon)

   It affects your intelligence (+2).
   It lets you turn invisible.
 y - a +0 pair of boots (worn)
 L - +0 steam dragon scales (worn)
 R - a +1 hat of see invisible
Jewellery
 a - a ring of resist corrosion (right hand)
 d - an uncursed ring of ice
 r - an uncursed ring of protection from fire
 v - an uncursed amulet of the acrobat {unknown}
 B - an uncursed ring of protection from fire
 F - an uncursed ring of positive energy
 J - an uncursed ring of protection from cold
 T - a ring of poison resistance (left hand)
 W - an uncursed ring of protection from cold
Wands
 j - a wand of paralysis (19)
 C - a wand of iceblast (16)
 P - a wand of digging (11)
 Q - a wand of disintegration (27)
Scrolls
 c - 9 scrolls of teleportation
 f - 2 scrolls of magic mapping
 k - 4 scrolls of random uselessness {unknown}
 o - 3 scrolls of remove curse
 q - 2 scrolls of blinking {unknown}
 s - 2 scrolls of enchant armour
 u - 5 scrolls of fear
 z - 2 scrolls of enchant weapon
 H - 2 scrolls of immolation
 M - a scroll of fog
 V - 2 scrolls of identify
Potions
 b - 6 potions of might
 e - 2 potions of curing
 g - 3 potions of ambrosia
 h - 4 potions of heal wounds
 l - 5 potions of brilliance
 p - 5 potions of lignification
 t - 2 potions of attraction
 w - 3 potions of mutation
 E - 2 potions of flight
 G - 2 potions of invisibility
 N - 2 potions of magic
 O - a potion of cancellation


   Skills:
 + Level 7.0 Fighting
 + Level 7.0 Short Blades
 + Level 7.0 Long Blades
 + Level 7.0 Axes
 + Level 7.0 Maces & Flails
 + Level 7.0 Polearms
 + Level 7.0 Staves
 + Level 7.0 Slings
 + Level 7.0 Bows
 + Level 7.0 Crossbows
 + Level 7.0 Throwing
 + Level 7.0 Armour
 + Level 8.5 Dodging
 + Level 8.2 Stealth
 + Level 7.0 Shields
 + Level 7.0 Unarmed Combat
 + Level 8.7 Spellcasting
 + Level 5.8 Conjurations
 + Level 5.8 Hexes
 + Level 5.8 Summonings
 + Level 5.8 Necromancy
 + Level 5.8 Translocations
 + Level 5.8 Transmutations
 + Level 5.8 Fire Magic
 + Level 9.3 Ice Magic
 + Level 5.8 Air Magic
 + Level 5.8 Earth Magic
 + Level 5.8 Poison Magic
 + Level 7.7 Invocations
 + Level 7.0 Evocations


You had 13 spell levels left.
You knew the following spells:

 Your Spells              Type           Power        Failure   Level
a - Freeze                Ice            ####         1%          1
b - Frozen Ramparts       Ice            ####..       1%          3
c - Ozocubu's Armour      Ice            ####....     1%          3
d - Hailstorm             Conj/Ice       ###.....     2%          4
e - Summon Ice Beast      Ice/Summ       ###.....     2%          4

Your spell library contained the following spells:

 Spells                   Type           Power        Failure   Level
 Cause Fear               Hex            ###.......   5%          4
 Silence                  Hex/Air        ###.......   16%         5
 Yara's Violent Unravell  Hex/Tmut       ###.......   16%         5
 Discord                  Hex            ###.......   100%        8


Dungeon Overview and Level Annotations

Branches:
Dungeon (12/15)            Temple (1/1) D:5            Lair (2/6) D:10
    Orc (0/2) D:11          Sewer (visited)
  Swamp: Lair:2-4    Shoals: Lair:2-4     Snake: Lair:2-4    Spider: Lair:2-4

Altars:
Ashenzari
Elyvilon
Fedhas
Gozag
Hepliaklqana
Kikubaaqudgha
Makhleb
Nemelex Xobeh
Sif Muna
Trog
Uskayaw
Vehumet
Xom
Yredelemnul
Zin
The Shining One
Beogh

Shops:
D:7 ?*[=

Annotations:
D:7 great jewellry shop scroll shop


Innate Abilities, Weirdness & Mutations

Your experience applies equally to all skills.
You have very sharp teeth.
Your uncanny sense of smell can sniff out nearby items.


Message History

* * * LOW HITPOINT WARNING * * *
You feel much better. The swamp worm completely misses you.
Casting: Freeze (safe; 1% risk of failure)
Confirm with . or Enter, or press ? or * to list all spells.
Aiming: Freeze (safe; 1% risk of failure)
Press: ? - help, Shift-Dir - straight line, f - swamp worm
Aim: a swamp worm You feel a numb sensation.
You freeze the swamp worm!
The swamp worm is moderately wounded.
Your ice beast barely misses the swamp worm.
The swamp worm barely misses you.
Casting: Freeze (safe; 1% risk of failure)
Confirm with . or Enter, or press ? or * to list all spells.
Aiming: Freeze (safe; 1% risk of failure)
Press: ? - help, Shift-Dir - straight line, f/p - swamp worm
Aim: a swamp worm (moderately wounded)
You feel a numb sensation.
You freeze the swamp worm.
The swamp worm is moderately wounded.
The swamp worm bites you!!
You die...

##### ###...## ......#
##.....# ##..(...##
###..w†⌠⌠..# ### ###
#...@Y♣..♣.P#
##.####.#####.....♣..♣
........##.##....♣♣..♣
........#.#.+....♣ ♣.≈
........#...#....♣ .n♣
...........#.....♣ .≈♣
............#....♣
.........####..♣♣♣
#+.P###.## ##.#♣


You could see a swamp worm and a friendly ice beast (summoned).

Vanquished Creatures
  Gastronok (D:12)
  A boulder beetle (D:12)
  A two-headed ogre (D:11)
  Pikel (D:6)
  A cyclops (D:12)
  A manticore (D:11)
  An elephant (D:10)
  2 cane toads
  A centaur skeleton (D:12)
  2 gargoyles
  Maggie (D:7)
  A troll (D:12)
  A hornet (D:12)
  2 wyverns
  A basilisk (D:10)
  The ghost of G1itch the Magician, an amateur DsWz of Kikubaaqudgha (D:4)
  4 water moccasins
  A phantom (D:8)
  A sky beast (D:12)
  4 black bears
  3 orc warriors
  An eye of draining (D:12)
  An ice beast (D:10)
  A necrophage (D:10)
  A centaur (D:5)
  A lemure (D:6)
  3 big kobolds
  A nameless horror (D:10)
  5 bullfrogs
  A scorpion (D:6)
  A water moccasin zombie (D:11)
  5 killer bees (D:7)
  3 howler monkeys (D:9)
  2 centaur zombies
  3 hounds
  3 jellies
  2 bullfrog skeletons
  10 orc priests
  9 orc wizards
  4 iguanas
  Terence (D:2)
  9 worker ants
  9 hell rats (Lair:1)
  Robin (D:2)
  9 adders
  13 river rats
  3 ufetubi
  An ooze (Sewer)
  An adder skeleton (D:9)
  9 worms
  A dart slug (D:1)
  8 leopard geckos
  52 orcs
  8 bats
  6 giant cockroaches
  17 goblins
  10 hobgoblins
  5 jackals
  13 quokkas
  3 ball pythons
  A frilled lizard (D:2)
  16 kobolds
  A leopard gecko skeleton (D:5)
  19 rats
305 creatures vanquished.

Vanquished Creatures (collateral kills)
  A hydra (Lair:2)
  Erolcha (D:12)
  2 two-headed ogres
  A bog body (Lair:2)
  2 ugly things
  A gargoyle (D:12)
  A komodo dragon (D:8)
  A hornet (D:12)
  2 vampire mosquitoes (D:12)
  An ice beast (D:10)
  An orc warrior (D:11)
  A necrophage (D:9)
  An ogre (D:11)
  A bullfrog (D:7)
  A bullfrog zombie (D:5)
  An orc priest (D:4)
  An orc wizard (D:11)
  A hound zombie (D:7)
  A worker ant zombie (D:5)
  3 orcs (D:4)
25 creatures vanquished.

Vanquished Creatures (others)
  A sky beast (D:10)
  A fungus (Lair:2)
  7 plants
9 creatures vanquished.

Grand Total: 339 creatures vanquished

Notes
Turn   | Place    | Note
-------+----------+-------------------------------------------
     0 | D:1      | robertstho the Gnoll Ice Elementalist began the quest for
                  | the Orb.
     0 | D:1      | Reached XP level 1. HP: 13/13 MP: 6/6
   215 | D:1      | Reached XP level 2. HP: 9/19 MP: 5/7
   954 | D:1      | Reached XP level 3. HP: 25/25 MP: 9/9
  1030 | D:1      | Reached skill level 5 in Spellcasting
  1351 | D:2      | Reached skill level 1 in Invocations
  1511 | D:2      | Noticed Terence
  1519 | D:2      | Killed Terence
  1520 | D:2      | Reached skill level 1 in Fighting
  1520 | D:2      | Reached skill level 1 in Short Blades
  1520 | D:2      | Reached skill level 1 in Long Blades
  1520 | D:2      | Reached skill level 1 in Axes
  1520 | D:2      | Reached skill level 1 in Maces & Flails
  1520 | D:2      | Reached skill level 1 in Polearms
  1520 | D:2      | Reached skill level 1 in Staves
  1520 | D:2      | Reached skill level 1 in Slings
  1520 | D:2      | Reached skill level 1 in Bows
  1520 | D:2      | Reached skill level 1 in Crossbows
  1520 | D:2      | Reached skill level 1 in Throwing
  1520 | D:2      | Reached skill level 1 in Armour
  1520 | D:2      | Reached skill level 1 in Shields
  1520 | D:2      | Reached skill level 1 in Unarmed Combat
  1520 | D:2      | Reached skill level 1 in Evocations
  1520 | D:2      | Reached XP level 4. HP: 29/32 MP: 7/11
  1526 | D:2      | Learned a level 3 spell: Frozen Ramparts
  1530 | D:2      | Learned a level 3 spell: Ozocubu's Armour
  1535 | D:2      | Learned a level 4 spell: Hailstorm
  1571 | D:2      | Identified the cursed +0 helmet of the Doldrums {+Inv
                  | Int+2}
  1571 | D:2      | Noticed Robin
  1586 | D:2      | Killed Robin
  1587 | D:2      | Reached skill level 1 in Conjurations
  1587 | D:2      | Reached skill level 1 in Hexes
  1587 | D:2      | Reached skill level 1 in Summonings
  1587 | D:2      | Reached skill level 1 in Necromancy
  1587 | D:2      | Reached skill level 1 in Translocations
  1587 | D:2      | Reached skill level 1 in Transmutations
  1587 | D:2      | Reached skill level 1 in Fire Magic
  1587 | D:2      | Reached skill level 1 in Air Magic
  1587 | D:2      | Reached skill level 1 in Earth Magic
  1587 | D:2      | Reached skill level 1 in Poison Magic
  1721 | D:2      | Found a blossoming altar of Fedhas.
  2236 | D:3      | Found a glowing drain.
  2259 | D:3      | Reached XP level 5. HP: 31/37 MP: 8/12
  2262 | Sewer    | Entered a sewer
  2366 | Sewer    | Noticed a big kobold
  2377 | Sewer    | Killed a big kobold
  2588 | Sewer    | Noticed a big kobold
  2601 | Sewer    | Killed a big kobold
  2602 | Sewer    | Reached XP level 6. HP: 35/44 MP: 10/14
  2775 | D:3      | Reached skill level 5 in Dodging
  2817 | D:3      | Reached XP level 7. HP: 24/50 MP: 7/15
  3844 | D:4      | Found a runed translucent gate.
  3848 | D:4      | Found a runed translucent gate.
  3848 | D:4      | Found a runed translucent gate.
  3848 | D:4      | Noticed G1itch's ghost (amateur DsWz)
  3868 | D:4      | Identified the cursed +1 leather armour "Upokuont" {Dex+2}
  4133 | D:4      | Reached skill level 5 in Stealth
  4789 | D:4      | Learned a level 4 spell: Summon Ice Beast
  4796 | D:4      | Killed G1itch's ghost
  4797 | D:4      | Reached XP level 8. HP: 24/57 MP: 5/16
  4803 | D:4      | Found a roughly hewn altar of Beogh.
  4993 | D:5      | Entered Level 5 of the Dungeon
  5029 | D:5      | Found a staircase to the Ecumenical Temple.
  5110 | Temple   | Entered the Ecumenical Temple
  5222 | Temple   | Became a worshipper of Sif Muna the Loreminder
  6269 | D:6      | Found a white marble altar of Elyvilon.
  6649 | D:7      | Noticed Pikel
  6662 | D:6      | Killed Pikel
  6955 | D:7      | Found Afiulyiq's Armour Shoppe.
  6976 | D:7      | Reached XP level 9. HP: 14/65 MP: 7/18
  7425 | D:7      | Reached * piety under Sif Muna
  7701 | D:7      | Found Fiedu's Jewellery Shop.
  7828 | D:7      | Noticed Maggie
  7838 | D:7      | Killed Maggie
  7839 | D:7      | Reached skill level 8 in Ice Magic
  8130 | D:7      | Found Siquk's Magic Scroll Emporium.
  8137 | D:7      | Bought a scroll of identify for 24 gold pieces
  8137 | D:7      | Bought a scroll of identify for 24 gold pieces
  8137 | D:7      | Bought a scroll of fear for 42 gold pieces
  8137 | D:7      | Bought a scroll of identify for 24 gold pieces
  8137 | D:7      | Bought a scroll of remove curse for 36 gold pieces
  8137 | D:7      | Bought a scroll of magic mapping for 42 gold pieces
  8137 | D:7      | Bought a scroll of immolation for 42 gold pieces
  8346 | D:7      | Found Cippofi's General Store.
  8563 | D:7      | Bought 3 scrolls of identify for 84 gold pieces
  8692 | D:8      | Noticed a komodo dragon
  8705 | D:8      | Killed a komodo dragon
  8706 | D:8      | Reached skill level 5 in Invocations
  9396 | D:9      | Reached XP level 10. HP: 73/73 MP: 18/20
  9539 | D:9      | Found a bloodstained altar of Trog.
  9747 | D:9      | Reached ** piety under Sif Muna
  9890 | D:9      | Reached skill level 5 in Fighting
  9890 | D:9      | Reached skill level 5 in Short Blades
  9890 | D:9      | Reached skill level 5 in Long Blades
  9890 | D:9      | Reached skill level 5 in Axes
  9890 | D:9      | Reached skill level 5 in Maces & Flails
  9890 | D:9      | Reached skill level 5 in Polearms
  9890 | D:9      | Reached skill level 5 in Staves
  9890 | D:9      | Reached skill level 5 in Slings
  9890 | D:9      | Reached skill level 5 in Bows
  9890 | D:9      | Reached skill level 5 in Crossbows
  9890 | D:9      | Reached skill level 5 in Throwing
  9890 | D:9      | Reached skill level 5 in Armour
  9890 | D:9      | Reached skill level 5 in Shields
  9890 | D:9      | Reached skill level 5 in Unarmed Combat
  9890 | D:9      | Reached skill level 5 in Evocations
 10052 | D:9      | Noticed a two-headed ogre
 10067 | D:9      | Killed a two-headed ogre
 10215 | D:10     | Entered Level 10 of the Dungeon
 10247 | D:10     | Got a steaming flail
 10247 | D:10     | Identified the +2 flail "Diclasid" {vamp, +Inv Dex+4} (You
                  | found it on level 10 of the Dungeon)
 10613 | D:10     | Noticed a gargoyle
 10625 | D:10     | Noticed an elephant
 10626 | D:10     | Killed a gargoyle
 10642 | D:10     | Killed an elephant
 10768 | D:10     | Found a staircase to the Lair.
 11094 | D:11     | Noticed a white ugly thing
 11105 | D:11     | Killed a white ugly thing
 11148 | D:11     | Noticed a manticore
 11164 | D:11     | Killed a manticore
 11915 | D:11     | Found a staircase to the Orcish Mines.
 12132 | D:11     | Noticed a two-headed ogre
 12148 | D:11     | Killed a two-headed ogre
 12149 | D:11     | Reached XP level 11. HP: 57/81 MP: 10/22
 12646 | D:12     | Reached skill level 5 in Conjurations
 12646 | D:12     | Reached skill level 5 in Hexes
 12646 | D:12     | Reached skill level 5 in Summonings
 12646 | D:12     | Reached skill level 5 in Necromancy
 12646 | D:12     | Reached skill level 5 in Translocations
 12646 | D:12     | Reached skill level 5 in Transmutations
 12646 | D:12     | Reached skill level 5 in Fire Magic
 12646 | D:12     | Reached skill level 5 in Air Magic
 12646 | D:12     | Reached skill level 5 in Earth Magic
 12646 | D:12     | Reached skill level 5 in Poison Magic
 12890 | D:12     | Noticed a boulder beetle
 12949 | D:12     | Killed a boulder beetle
 13199 | D:12     | Noticed Erolcha
 13215 | D:12     | Killed Erolcha
 13467 | D:12     | Noticed a purple ugly thing
 13474 | D:12     | Killed a purple ugly thing
 13643 | D:12     | Noticed Gastronok
 13658 | D:12     | Killed Gastronok
 13659 | D:12     | Reached skill level 9 in Ice Magic
 13830 | D:12     | Noticed a two-headed ogre
 13844 | D:12     | Killed a two-headed ogre
 14076 | D:12     | Noticed a cyclops
 14097 | D:12     | Killed a cyclops
 14349 | D:12     | Got a pitted falchion
 14349 | D:12     | Identified the +8 falchion of the End of Times {pain, MP+9
                  | Str+2 Int+3} (You found it on level 12 of the Dungeon)
 14918 | Lair:1   | Entered Level 1 of the Lair of Beasts
 14926 | Lair:1   | Got a fine rapier
 14926 | Lair:1   | Identified the +2 rapier of Okawaru's Envy {protect, Str+3
                  | SInv} (You found it on level 1 of the Lair of Beasts)
 15224 | Lair:1   | Reached *** piety under Sif Muna
 15273 | Lair:1   | Reached XP level 12. HP: 76/89 MP: 24/24
 16312 | Lair:2   | Noticed a six-headed hydra
 16323 | Lair:2   | Killed a six-headed hydra
 16326 | Lair:2   | Slain by a swamp worm

Illustrated notes

Levels and vault maps discovered:
D:1:      mrwooster_arrival_statue_3, layout_basic, st_stairs_13
D:2:      kennysheep_big_flooded_room, layout_basic, fedhas_altar_4,
          serial_bayou_pond_e, uniq_terence, uniq_robin
D:3:      layout_basic, serial_forest, infiniplex_forest_3_way,
          infiniplex_forest_straight_5, infiniplex_forest_clump_tiny,
          infiniplex_forest_clump_small, infiniplex_forest_end_2,
          infiniplex_forest_lined_3_way, infiniplex_forest_straight_4,
          infiniplex_forest_clump_curved, infiniplex_forest_straight_1,
          cheibrodos_sewer_entry_bend
D:4:      layout_loops_cross, biasface_ghost_orc_armoury,
          kennysheep_pointless_box
D:5:      layout_gridville, minmay_temple_entry_statues
D:6:      layout_gridville, elyvilon_altar_1
D:7:      layout_basic, serial_shops, shop, shop, shop, nicolae_shop_waterfront,
          hangedman_decor_push, uniq_maggie, uniq_pikel
D:8:      layout_loops_ring
D:9:      layout_gridville, trog_butcher_becter
D:10:     layout_cave_pools, david_lair_generic
D:11:     layout_gridville, orc_0_dummy
D:12:     layout_cave_pods, minmay_misc_feat_pillars, uniq_erolcha,
          uniq_gastronok
Temple:   kilobyte_greek_temple
Lair:1:   lemuel_ratsnest, layout_chaotic_city, lemuel_fruit_tree,
          grunt_megastairs_4
Lair:2:   layout_roguey, nicolae_swamp_entry_splash_gauntlet

Skill      XL: |  1  2  3  4  5  6  7  8  9 10 11 12 |
---------------+-------------------------------------+-----
Spellcasting   | 5 6 7 8 |  8.7
Invocations    | 1 2 3 4 5 6 7 |  7.7
Fighting       | 1 2 3 4 5 6 7 |  7.0
Short Blades   | 1 2 3 4 5 6 7 |  7.0
Long Blades    | 1 2 3 4 5 6 7 |  7.0
Axes           | 1 2 3 4 5 6 7 |  7.0
Maces & Flails | 1 2 3 4 5 6 7 |  7.0
Polearms       | 1 2 3 4 5 6 7 |  7.0
Staves         | 1 2 3 4 5 6 7 |  7.0
Slings         | 1 2 3 4 5 6 7 |  7.0
Bows           | 1 2 3 4 5 6 7 |  7.0
Crossbows      | 1 2 3 4 5 6 7 |  7.0
Throwing       | 1 2 3 4 5 6 7 |  7.0
Armour         | 1 2 3 4 5 6 7 |  7.0
Shields        | 1 2 3 4 5 6 7 |  7.0
Unarmed Combat | 1 2 3 4 5 6 7 |  7.0
Evocations     | 1 2 3 4 5 6 7 |  7.0
Conjurations   | 1 2 3 4 5 |  5.8
Hexes          | 1 2 3 4 5 |  5.8
Summonings     | 1 2 3 4 5 |  5.8
Necromancy     | 1 2 3 4 5 |  5.8
Translocations | 1 2 3 4 5 |  5.8
Transmutations | 1 2 3 4 5 |  5.8
Fire Magic     | 1 2 3 4 5 |  5.8
Air Magic      | 1 2 3 4 5 |  5.8
Earth Magic    | 1 2 3 4 5 |  5.8
Poison Magic   | 1 2 3 4 5 |  5.8
Dodging        | 5 6 7 8 |  8.5
Stealth        | 5 6 7 8 |  8.2
Ice Magic      | 8 9 |  9.3

Action                   |  1- 3 |  4- 6 |  7- 9 | 10-12 || total
-------------------------+-------+-------+-------+-------++-------
Melee: Unarmed           |    70 |       |       |       ||    70
       Bite              |     4 |     5 |    15 |    39 ||    63
       Dagger            |    18 |    49 |   124 |       ||   191
       Punch             |       |       |     2 |     9 ||    11
       Great mace        |       |       |    40 |    23 ||    63
       Flail             |       |       |       |   173 ||   173
       Falchion          |       |       |       |    56 ||    56
 Cast: Freeze            |    20 |     1 |     4 |     7 ||    32
       Frozen Ramparts   |       |    18 |    49 |    58 ||   125
       Summon Ice Beast  |       |       |    10 |    44 ||    54
       Hailstorm         |       |       |     5 |    14 ||    19
       Ozocubu's Armour  |       |       |     1 |     4 ||     5
Invok: Channel Magic     |       |       |       |     4 ||     4
 Abil: Evoke Invisibilit |       |       |       |     1 ||     1
  Use: Scroll            |       |       |    17 |     4 ||    21
       Potion            |       |       |       |     1 ||     1
 Stab: Sleeping          |     8 |     2 |     4 |     9 ||    23
       Distracted        |       |       |     3 |     4 ||     7
       Invisible         |       |       |       |     3 ||     3
Armor: Robe              |    19 |     4 |    24 |       ||    47
       Steam dragon scal |       |       |    16 |    84 ||   100
Dodge: Dodged            |    74 |    46 |   191 |   276 ||   587
       Rpst.: Falchion   |       |       |       |    20 ||    20

Table legend: (Time is in decaauts)
 A = Elapsed time spent in this place.
 B = Non-inter-level travel time spent in this place.
 C = Inter-level travel time spent in this place.
 D = Time resting spent in this place.
 E = Time spent auto-exploring this place.
 F = Levels seen in this place.
 G = Mean time per level.
                   A        B        C        D        E       F      G
               +--------+--------+--------+--------+--------+-----+--------+
         Total |  16452 |  16077 |    375 |    861 |  12388 |  16 | 1028.2 |
       Dungeon |  14370 |  14045 |    325 |    861 |  10821 |  12 | 1197.5 |
        Temple |    144 |    112 |     32 |      0 |    109 |   1 |  144.0 |
          Lair |   1409 |   1391 |     18 |      0 |   1077 |   2 |  704.5 |
         Sewer |    527 |    527 |      0 |      0 |    380 |   1 |  527.0 |
               +--------+--------+--------+--------+--------+-----+--------+

Top non-repeatable levels by time:
    D:12: 2369 daAuts
     D:7: 1583 daAuts
    D:11: 1486 daAuts
     D:3: 1201 daAuts
     D:4: 1156 daAuts
     D:1: 1151 daAuts
     D:2: 1004 daAuts
     D:6: 996 daAuts
  Lair:1: 980 daAuts
    D:10: 906 daAuts
     D:8: 877 daAuts
     D:9: 843 daAuts
     D:5: 792 daAuts
   Sewer: 527 daAuts
  Lair:2: 428 daAuts
